[Event "FIDE WSTC Open 50 2025"]
[Site "Prague"]
[Date "2025.02.19"]
[Round "3.27"]
[White "Kubikova, Hana"]
[Black "Svenn, Gosta"]
[Result "0-1"]
[Annotator "RC"]
[ECO "A96"]
[WhiteElo "2070"]
[BlackElo "2290"]
[PlyCount "82"]
[EventDate "2025.02.17"]
[EventType "team-tourn"]
[EventCountry "CZE"]
[SourceTitle "playchess.com"]
[Source "ChessBase"]
[SourceQuality "1"]
[TimeControl "40/5400+30:1800+30"]

1. d4 e6 2. Nf3 f5 3. c4 Nf6 4. g3 Be7 5. Bg2 O-O 6. O-O d6 7. Nc3 Ne4 8. Qc2 Nxc3 9. Qxc3 a5 10. b3 Bf6 11. Bb2 Qe7 12. Qc2 e5 13. dxe5 dxe5 14. e4 f4 15. gxf4 exf4 16. e5 Bh4 17. Qd2 Ra6 18. Ba3 Qxa3 19. Nxh4 Qe7 20. Bd5+ Kh8 21. Nf3 Rh6 22. Rfe1 Bg4 23. Qc3 Nd7 24. e6 Nc5 25. Re5 Rg6 26. Kf1 c6 27. Rd1 cxd5 28. cxd5 Qd6 29. e7 Bh3+ 30. Ke1 Re8 31. Rd4 Rxe7 32. Rxf4 h6 33. Kd2 Rxe5 34. Nxe5 Qxd5+ 35. Kc2 Rf6 36. Rxf6 gxf6 37. Qxh3 Qxe5 38. Qxh6+ Kg8 39. Qg6+ Kf8 40. Qh6+ Ke7 41. f4 Qe4+ 0-1

[Event "FIDE WSTC Open 50 2025"]
[Site "Prague"]
[Date "2025.02.19"]
[Round "3.28"]
[White "Wengholm, Anders"]
[Black "Svobodova, Michaela"]
[Result "1-0"]
[Annotator "ChessBase"]
[ECO "A06"]
[WhiteElo "2132"]
[BlackElo "2048"]
[PlyCount "85"]
[EventDate "2025.02.17"]
[EventType "team-tourn"]
[EventCountry "CZE"]
[SourceTitle "playchess.com"]
[Source "ChessBase"]
[SourceQuality "1"]
[TimeControl "40/5400+30:1800+30"]

1. Nf3 d5 2. g3 Nf6 3. Bg2 Bg4 4. O-O Nbd7 5. h3 Bh5 6. d3 e5 7. Qe1 Be7 8. e4 dxe4 9. dxe4 O-O 10. a4 a5 11. Bd2 c6 12. Bc3 Qc7 13. Nh4 Rfe8 14. Na3 b6 15. Nc4 Rad8 16. Kh1 Bc5 17. f3 Bg6 18. Rd1 Kh8 19. Rd3 Nh5 20. Kh2 f6 21. Nxg6+ hxg6 22. Qd2 Nf8 23. Rd1 Rxd3 24. Qxd3 Bf2 25. Be1 Bxe1 26. Rxe1 Ne6 27. Qe2 b5 28. axb5 cxb5 29. Ne3 Nd4 30. Qf2 b4 31. c3 bxc3 32. Nd5 Qc4 33. bxc3 Nb5 34. Bf1 Qb3 35. Bxb5 Qxb5 36. Nc7 Qd7 37. Nxe8 Qxe8 38. Qe2 Qc6 39. Qd3 a4 40. Rb1 Qc5 41. Kg2 a3 42. Rb8+ Kh7 43. Qd5 1-0

[Event "FIDE WSTC Open 50 2025"]
[Site "Prague"]
[Date "2025.02.19"]
[Round "3.29"]
[White "Polak, Tomas"]
[Black "Van der Werf, Mark"]
[Result "1-0"]
[Annotator "TA"]
[ECO "E11"]
[WhiteElo "2463"]
[BlackElo "2416"]
[PlyCount "55"]
[EventDate "2025.02.17"]
[EventType "team-tourn"]
[EventCountry "CZE"]
[SourceTitle "playchess.com"]
[Source "ChessBase"]
[SourceQuality "1"]
[TimeControl "40/5400+30:1800+30"]

1. d4 Nf6 2. c4 e6 3. Nf3 Bb4+ 4. Bd2 Bxd2+ 5. Qxd2 O-O 6. g3 d5 7. Bg2 c6 {[%emt 0:00:08] is more profitable than 7...Nbd7 at the moment.} 8. O-O Nbd7 9. Rc1 b6 {[%emt 0:01:21] E11: Bogo-Indian.} 10. b3 Qe7 11. Nc3 $146 (11. cxd5 cxd5 12. Nc3 Ba6 13. Rc2 Rac8 14. Rac1 Rfd8 15. e3 Nf8 16. Ne5 Ng6 17. Nxg6 hxg6 18. Bf1 Bxf1 {½-½ Schwellnus,G-Hellmueller,F Rangliste 1900-2200 23036 2021}) 11... Ba6 {[%emt 0:04:58] The position is equal.} 12. Ne5 Nxe5 13. dxe5 Nd7 14. f4 Rad8 15. cxd5 cxd5 16. Qd4 f6 17. exf6 Nxf6 18. Bf3 Rc8 19. Qa4 Qc5+ 20. Kg2 Qe3 21. Nd1 Qd2 22. Rxc8 Bxc8 23. Nf2 $1 $36 {[%emt 0:02:52][%mdl 2048] White has good play.} (23. Qxa7 e5 24. Qxb6 (24. fxe5 $2 Bg4 $19) 24... e4 $19 (24... exf4 25. Nf2 $16)) 23... a5 {[%emt 0:03:35] [#]} 24. Qc6 $1 {[%emt 0:04:04] Inhibits Qc3.} Qe3 {[%emt 0:06:49] [#]} 25. Rd1 (25. Ng4 $1 $16 Nxg4 26. Bxg4) 25... Bd7 $1 $14 26. Qd6 Rc8 $2 (26... Bb5 $14) 27. Ng4 $18 Nxg4 28. Bxg4 {[%emt 0:03:49] Weighted Error Value: White=0.08 (flawless) /Black=0.53  Loses game:     	---       	Black=1      Mistake:       	White=1     	---        Inaccurate:     	White=1     	Black=3      OK:         	White=7     	Black=5      Best:        	White=1     	---        Strong:       	White=2     	Black=1} (28. Qxd7 $2 {loses.} Qf2+ 29. Kh3 Qxh2+ 30. Kxg4 h5+ 31. Kg5 Qxg3+ 32. Kxh5 Qh3+ 33. Kg5 Rf8 $19) 1-0

[Event "FIDE WSTC Open 50 2025"]
[Site "Prague"]
[Date "2025.02.19"]
[Round "3.30"]
[White "Van Haastert, Edwin"]
[Black "Obsivac, Josef"]
[Result "1-0"]
[Annotator "RC"]
[ECO "B32"]
[WhiteElo "2408"]
[BlackElo "2262"]
[PlyCount "123"]
[EventDate "2025.02.17"]
[EventType "team-tourn"]
[EventCountry "CZE"]
[SourceTitle "playchess.com"]
[Source "ChessBase"]
[SourceQuality "1"]
[TimeControl "40/5400+30:1800+30"]

1. e4 c5 2. Nf3 Nc6 3. d4 cxd4 4. Nxd4 e5 5. Nb5 d6 6. N1c3 a6 7. Na3 Be7 8. Nd5 Nf6 9. Nxf6+ Bxf6 10. Bc4 O-O 11. O-O Rb8 12. c3 b5 13. Bb3 a5 14. Qd3 b4 15. Nc2 Be7 16. Ne3 g6 17. Rd1 Kg7 18. Nd5 Bg5 19. Ne3 Be7 20. Qd2 Be6 21. Nd5 Bxd5 22. Bxd5 bxc3 23. bxc3 Qc7 24. Qh6+ Kh8 25. Rd3 Rg8 26. Bg5 Bxg5 27. Qxg5 Qe7 28. Qxe7 Nxe7 29. Bxf7 Rgf8 30. Bb3 Rf6 31. Rad1 Rb6 32. f3 g5 33. Rb1 Rf8 34. Bc2 Rxb1+ 35. Bxb1 Rb8 36. Bc2 Rb6 37. Bb3 Kg7 38. Kf2 Kf6 39. Ke3 Rc6 40. Kd2 Rb6 41. Kc2 h5 42. g3 Kg7 43. Be6 Kf6 44. Bd7 Kf7 45. c4 Nc6 46. Bxc6 Rxc6 47. Kc3 Rb6 48. Rd5 Rb1 49. Rxd6 Rf1 50. c5 Rxf3+ 51. Rd3 Rf1 52. Kc4 Ke6 53. Rd6+ Ke7 54. Rh6 Rd1 55. Rxh5 Rd4+ 56. Kb5 Rxe4 57. Rxg5 Kf6 58. h4 Re2 59. a4 e4 60. Rg8 Kf7 61. Rg4 Ke6 62. Kc4 1-0

[Event "FIDE WSTC Open 50 2025"]
[Site "Prague"]
[Date "2025.02.19"]
[Round "3.31"]
[White "Holemar, David"]
[Black "Roobol, Martin"]
[Result "1/2-1/2"]
[Annotator "RC"]
[ECO "A48"]
[WhiteElo "2150"]
[BlackElo "2242"]
[PlyCount "23"]
[EventDate "2025.02.17"]
[EventType "team-tourn"]
[EventCountry "CZE"]
[SourceTitle "playchess.com"]
[Source "ChessBase"]
[SourceQuality "1"]
[TimeControl "40/5400+30:1800+30"]

1. d4 Nf6 2. Nf3 g6 3. Bg5 Bg7 4. Nbd2 d5 5. c3 O-O 6. e3 b6 7. Bd3 Bb7 8. O-O c5 9. Qe2 Ne4 10. Bh4 Nd7 11. Ba6 Bxa6 12. Qxa6 1/2-1/2

[Event "FIDE WSTC Open 50 2025"]
[Site "Prague"]
[Date "2025.02.19"]
[Round "3.32"]
[White "Kindt, Manfred"]
[Black "Skacelik, Petr"]
[Result "0-1"]
[Annotator "ChessBase"]
[ECO "B31"]
[WhiteElo "2049"]
[BlackElo "2132"]
[PlyCount "102"]
[EventDate "2025.02.17"]
[EventType "team-tourn"]
[EventCountry "CZE"]
[SourceTitle "playchess.com"]
[Source "ChessBase"]
[SourceQuality "1"]
[TimeControl "40/5400+30:1800+30"]

1. e4 c5 2. Nf3 Nc6 3. Bb5 g6 4. O-O Bg7 5. c3 Nf6 6. Re1 O-O 7. d4 cxd4 8. cxd4 d5 9. e5 Nd7 10. Bxc6 bxc6 11. e6 fxe6 12. Ng5 Nf6 13. Nc3 Qd6 14. Na4 h6 15. Nf3 Nd7 16. Qe2 Rxf3 17. gxf3 e5 18. dxe5 Bxe5 19. f4 Bf6 20. Bd2 Nb6 21. Nxb6 axb6 22. Qd3 Kg7 23. Qb3 c5 24. Rad1 Bd7 25. Bc1 d4 26. Rd3 b5 27. Rg3 c4 28. Qf3 Rg8 29. f5 g5 30. h4 Kf8 31. Qh5 Rh8 32. Qf3 Qc6 33. Qxc6 Bxc6 34. hxg5 hxg5 35. f3 d3 36. a3 Kf7 37. Kg2 Rd8 38. Rd1 Bd7 39. Rh3 Bxf5 40. Rh5 Kg6 41. Rhh1 Bd7 42. Kf2 Bc6 43. Rh3 Kf5 44. Rh5 Be8 45. Rh2 Bd4+ 46. Kf1 Bc6 47. Rh5 Bf6 48. Kf2 Rd6 49. f4 Re6 50. Re1 Bd4+ 51. Re3 Kxf4 0-1

[Event "FIDE WSTC Open 50 2025"]
[Site "Prague"]
[Date "2025.02.19"]
[Round "3.33"]
[White "Haba, Petr"]
[Black "Burrows, Martin P"]
[Result "1-0"]
[Annotator "TA"]
[ECO "A05"]
[WhiteElo "2442"]
[BlackElo "2043"]
[PlyCount "67"]
[EventDate "2025.02.17"]
[EventType "team-tourn"]
[EventCountry "CZE"]
[SourceTitle "playchess.com"]
[Source "ChessBase"]
[SourceQuality "1"]
[TimeControl "40/5400+30:1800+30"]

1. Nf3 Nf6 2. c4 e6 3. g3 d5 4. Bg2 d4 5. O-O Nc6 6. d3 Bc5 {[%emt 0:00:23] A13: English Opening: 1...e6.} 7. e3 O-O 8. exd4 Nxd4 {[%emt 0:00:12][%cal Oe6e5] The position is equal.} 9. Nc3 Re8 10. Nxd4 $146 (10. Re1 h6 11. Ne5 a5 12. Rb1 c6 13. Bf4 Bf8 14. a3 Nd7 15. Ne4 f6 16. Nxd7 Bxd7 {0-1 Melde,B (2135)-Yelisieiev,Y (2418) GER-ch U25-A 2023 (3)}) 10... Bxd4 11. Ne2 c5 (11... Bb6 $11 {remains equal.}) 12. Nxd4 $16 cxd4 13. Bg5 h6 14. Bxf6 Qxf6 15. c5 e5 16. Rc1 {[%emt 0:03:39] Threatens to win with c6.} Rb8 17. Qa4 Bf5 18. Rfd1 Bg4 $1 19. Re1 Bf3 20. b4 a6 21. Rc4 Bxg2 22. Kxg2 Re6 23. Qd7 Qg6 24. Re4 Qg5 {[%emt 0:14:25] [#]} 25. Rc2 {[%emt 0:02:57][%cal Bc4c2,Bc2e2,Be2e5,Be5f5][%mdl 32] Dodges Qd2} Re7 (25... Qd8 $14 26. Qxd8+ Rxd8) 26. Qd5 {[%emt 0:01:42] White has more active pieces.} Rbe8 27. Rce2 Qf6 {[%emt 0:07:42] [#]} (27... Re6 $16) 28. f4 $1 $18 Kh7 $2 {[%emt 0:03:08] This costs Black the game.} (28... Qc6 $16 29. Qxc6 (29. Rxe5 $2 {too greedy.} Qxd5+ 30. Rxd5 Rxe2+ $19) 29... bxc6 30. Rxe5 (30. fxe5 a5 $16) 30... Rxe5 31. Rxe5 (31. fxe5 f5 $16) 31... Rb8) 29. Rxe5 (29. fxe5 Qf5 30. Qxd4 Kg8 $16) 29... Rxe5 30. Rxe5 Rd8 (30... Rxe5 31. Qxe5 Qg6) 31. Qxb7 {[%emt 0:00:54] White is clearly winning.} g5 32. Qe4+ Kg7 33. fxg5 hxg5 34. Rf5 {[%emt 0:00:08] Weighted Error Value: White=0.03 (flawless) /Black=0.44  Loses game:     	---       	Black=1      Mistake:       	---       	Black=4      Inaccurate:     	White=1     	Black=2      OK:         	White=12    	Black=7      Best:        	White=2     	---        Strong:       	White=1     	Black=1} 1-0

[Event "FIDE WSTC Open 50 2025"]
[Site "Prague"]
[Date "2025.02.19"]
[Round "3.34"]
[White "Rasalingam, Haran"]
[Black "Jirovsky, Milos"]
[Result "1/2-1/2"]
[Annotator "RC"]
[ECO "B01"]
[WhiteElo "2014"]
[BlackElo "2410"]
[PlyCount "107"]
[EventDate "2025.02.17"]
[EventType "team-tourn"]
[EventCountry "CZE"]
[SourceTitle "playchess.com"]
[Source "ChessBase"]
[SourceQuality "1"]
[TimeControl "40/5400+30:1800+30"]

1. e4 d5 2. exd5 Qxd5 3. Nc3 Qd6 4. d4 c6 5. Nf3 Bf5 6. Ne5 Nd7 7. g4 Nxe5 8. gxf5 Qxd4 9. Be3 Qxd1+ 10. Rxd1 Nf6 11. Be2 g6 12. Bd4 Ned7 13. fxg6 hxg6 14. Ne4 Bg7 15. Bf3 Rh4 16. O-O Nxe4 17. Bxe4 Rxe4 18. Bxg7 f6 19. Bh6 g5 20. f4 g4 21. Rfe1 Nc5 22. f5 Rd8 23. Rxd8+ Kxd8 24. Rxe4 Nxe4 25. Bf4 Kd7 26. Kf1 Nd6 27. Ke2 Nxf5 28. Kd3 e5 29. Bd2 Ke6 30. c4 Nd4 31. b4 Nf3 32. Be3 b6 33. a4 f5 34. a5 f4 35. Bxb6 a6 36. b5 Kd7 37. bxa6 Kc8 38. Ke4 Nxh2 39. Kxe5 f3 40. Kf4 Kb8 41. Kg3 Nf1+ 42. Kxg4 Nd2 43. Kg3 Ka8 44. Kf2 Kb8 45. Ke3 Nxc4+ 46. Kxf3 Nxa5 47. Bxa5 Ka7 48. Ke4 Kxa6 49. Bc3 c5 50. Kd5 Kb5 51. Bd2 c4 52. Kd4 c3 53. Bxc3 Kc6 54. Ke4 1/2-1/2

[Event "FIDE WSTC Open 50 2025"]
[Site "Prague"]
[Date "2025.02.19"]
[Round "3.35"]
[White "Zvara, Petr"]
[Black "Martin, Benjamin M S"]
[Result "0-1"]
[Annotator "RC"]
[ECO "C78"]
[WhiteElo "2330"]
[BlackElo "2375"]
[PlyCount "91"]
[EventDate "2025.02.17"]
[EventType "team-tourn"]
[EventCountry "CZE"]
[SourceTitle "playchess.com"]
[Source "ChessBase"]
[SourceQuality "1"]
[TimeControl "40/5400+30:1800+30"]

1. e4 e5 2. Nf3 Nc6 3. Bb5 a6 4. Ba4 Nf6 5. O-O Bc5 6. c3 O-O 7. d4 Ba7 8. Re1 d6 9. h3 b5 10. Bb3 Bb7 11. Bg5 Re8 12. d5 Na5 13. Bc2 h6 14. Bh4 Nc4 15. b3 Nb6 16. Nbd2 g5 17. Nxg5 hxg5 18. Bxg5 Nbd7 19. Qf3 Kg7 20. Nf1 Rh8 21. Rad1 Qg8 22. Rd3 Qh7 23. Ng3 Qg6 24. Nf5+ Kf8 25. h4 Qh5 26. Qxh5 Nxh5 27. Bd1 Nf4 28. Rf3 f6 29. Bh6+ Kf7 30. g3 Ng6 31. Rd3 Ndf8 32. Bd2 Bc8 33. c4 Bxf5 34. exf5 Ne7 35. Bg4 bxc4 36. bxc4 Nd7 37. Kg2 Rab8 38. h5 Bc5 39. h6 Kg8 40. Bh5 Kh7 41. Bf7 Bb4 42. Re4 Bxd2 43. Rxd2 Rhf8 44. Bh5 Nc5 45. Rh4 Nxf5 46. Rh1 0-1

[Event "FIDE WSTC Open 50 2025"]
[Site "Prague"]
[Date "2025.02.19"]
[Round "3.36"]
[White "Proudfoot, Andy"]
[Black "Konopka, Michal"]
[Result "0-1"]
[Annotator "RC"]
[ECO "B04"]
[WhiteElo "1597"]
[BlackElo "2326"]
[PlyCount "24"]
[EventDate "2025.02.17"]
[EventType "team-tourn"]
[EventCountry "CZE"]
[SourceTitle "playchess.com"]
[Source "ChessBase"]
[SourceQuality "1"]
[TimeControl "40/5400+30:1800+30"]

1. e4 Nf6 2. e5 Nd5 3. d4 d6 4. Nf3 g6 5. Bc4 c6 6. Bb3 Bg7 7. O-O dxe5 8. c4 Nf4 9. Nxe5 Qxd4 10. Nf3 Qxd1 11. Rxd1 Ne2+ 12. Kf1 Nxc1 0-1

[Event "FIDE WSTC Open 50 2025"]
[Site "Prague"]
[Date "2025.02.19"]
[Round "3.37"]
[White "Seul, Georg"]
[Black "Lauterbach, Ingrid"]
[Result "1/2-1/2"]
[Annotator "RC"]
[ECO "B31"]
[WhiteElo "2329"]
[BlackElo "2003"]
[PlyCount "49"]
[EventDate "2025.02.17"]
[EventType "team-tourn"]
[EventCountry "CZE"]
[SourceTitle "playchess.com"]
[Source "ChessBase"]
[SourceQuality "1"]
[TimeControl "40/5400+30:1800+30"]

1. e4 c5 2. Nf3 Nc6 3. Bb5 g6 4. O-O Bg7 5. Re1 Nh6 6. h3 e5 7. Bxc6 bxc6 8. c3 f6 9. d4 cxd4 10. cxd4 Nf7 11. Nc3 O-O 12. b3 Re8 13. Bb2 d6 14. Qc2 exd4 15. Nxd4 c5 16. Nde2 f5 17. Nf4 Ne5 18. Rad1 Qg5 19. Nfd5 Nf3+ 20. Kh1 Nxe1 21. Rxe1 Bb7 22. Nc7 Be5 23. Nxe8 Rxe8 24. Bc1 Qh5 25. Kg1 1/2-1/2

[Event "FIDE WSTC Open 50 2025"]
[Site "Prague"]
[Date "2025.02.19"]
[Round "3.38"]
[White "Jackson, Sheila"]
[Black "Schulz, Klaus-Juergen"]
[Result "0-1"]
[Annotator "RC"]
[ECO "B80"]
[WhiteElo "2009"]
[BlackElo "2345"]
[PlyCount "86"]
[EventDate "2025.02.17"]
[EventType "team-tourn"]
[EventCountry "CZE"]
[SourceTitle "playchess.com"]
[Source "ChessBase"]
[SourceQuality "1"]
[TimeControl "40/5400+30:1800+30"]

1. e4 c5 2. Nf3 e6 3. d4 cxd4 4. Nxd4 Nf6 5. Nc3 d6 6. Be3 a6 7. f3 b5 8. Qd2 Bd7 9. Bd3 Nc6 10. Nxc6 Bxc6 11. O-O-O Qc7 12. Kb1 Be7 13. h4 b4 14. Ne2 d5 15. e5 Nd7 16. f4 Nc5 17. Nd4 Na4 18. Ka1 Bd7 19. h5 Rb8 20. Ne2 Bb5 21. Bd4 Bc5 22. Bxb5+ axb5 23. Bxc5 Qxc5 24. Rh3 Ra8 25. Rb3 Qc4 26. Nc1 O-O 27. Rxb4 Qc6 28. Kb1 Nb6 29. b3 Rfb8 30. h6 Nd7 31. hxg7 Nc5 32. Qc3 Qb6 33. Rh1 Ne4 34. Qh3 Kxg7 35. Qh6+ Kg8 36. Rh4 Nc3+ 37. Ka1 Rxa2+ 38. Nxa2 Qg1+ 39. Kb2 Nd1+ 40. Ka3 Ra8+ 41. Ra4 Qc5+ 42. Nb4 Rxa4+ 43. bxa4 Qc3+ 0-1

[Event "FIDE WSTC Open 50 2025"]
[Site "Prague"]
[Date "2025.02.19"]
[Round "3.39"]
[White "Wolf, Volker"]
[Black "Fink-Nunn, Petra"]
[Result "1-0"]
[Annotator "ChessBase"]
[ECO "C26"]
[WhiteElo "2206"]
[BlackElo "2003"]
[PlyCount "69"]
[EventDate "2025.02.17"]
[EventType "team-tourn"]
[EventCountry "CZE"]
[SourceTitle "playchess.com"]
[Source "ChessBase"]
[SourceQuality "1"]
[TimeControl "40/5400+30:1800+30"]

1. e4 e5 2. Nc3 Nf6 3. g3 Bc5 4. Bg2 Nc6 5. d3 d6 6. h3 O-O 7. Na4 Bb6 8. Nxb6 axb6 9. Nf3 h6 10. O-O Be6 11. Re1 Nh7 12. d4 exd4 13. Nxd4 Nxd4 14. Qxd4 Qf6 15. Qxf6 Nxf6 16. b3 b5 17. Bb2 Nd7 18. f4 f6 19. a3 Nc5 20. Rad1 Rad8 21. Bd4 Ra8 22. e5 fxe5 23. fxe5 Rfe8 24. exd6 cxd6 25. Bxc5 dxc5 26. Bxb7 Rxa3 27. Bc6 Re7 28. Bxb5 Kf7 29. Rd2 Raa7 30. Rf2+ Kg8 31. Rfe2 Reb7 32. Bc6 Bxh3 33. Bxb7 Rxb7 34. Re7 Rb4 35. Rc7 1-0

[Event "FIDE WSTC Open 50 2025"]
[Site "Prague"]
[Date "2025.02.19"]
[Round "3.40"]
[White "Frostick, Helen M"]
[Black "Polster, Wolfgang"]
[Result "1/2-1/2"]
[Annotator "NA"]
[ECO "B06"]
[WhiteElo "1880"]
[BlackElo "2131"]
[PlyCount "39"]
[EventDate "2025.02.17"]
[EventType "team-tourn"]
[EventCountry "CZE"]
[SourceTitle "playchess.com"]
[Source "ChessBase"]
[SourceQuality "1"]
[TimeControl "40/5400+30:1800+30"]

1. e4 c6 2. d4 g6 3. Nc3 Bg7 4. Nf3 d6 5. Be2 Nf6 6. a4 a5 7. O-O O-O 8. h3 Qc7 9. Re1 e5 10. dxe5 dxe5 11. Be3 h6 12. Qc1 Kh7 13. Bc5 Re8 14. Rd1 Bf8 15. Bxf8 Rxf8 16. Qe3 Be6 17. Rd2 Nbd7 18. Rad1 Ne8 19. Nh2 Qb6 20. Qxb6 1/2-1/2

[Event "FIDE WSTC Open 50 2025"]
[Site "Prague"]
[Date "2025.02.20"]
[Round "4.1"]
[White "David, Alberto"]
[Black "Adams, Michael"]
[Result "1/2-1/2"]
[Annotator "RC"]
[ECO "E20"]
[WhiteElo "2467"]
[BlackElo "2664"]
[PlyCount "52"]
[EventDate "2025.02.17"]
[EventType "team-tourn"]
[EventCountry "CZE"]
[SourceTitle "playchess.com"]
[Source "ChessBase"]
[SourceQuality "1"]
[TimeControl "40/5400+30:1800+30"]

1. d4 Nf6 2. c4 e6 3. Nc3 Bb4 4. f3 d5 5. a3 Bxc3+ 6. bxc3 c6 7. e3 O-O 8. Bd3 dxc4 9. Bxc4 c5 10. Ne2 Qc7 11. Bd3 Nc6 12. O-O e5 13. Bb2 Rd8 14. Qe1 Be6 15. Kh1 Qb6 16. Bc1 cxd4 17. Rb1 Qa5 18. Rb5 Qa4 19. cxd4 exd4 20. Rxb7 dxe3 21. Bb5 Qc2 22. Bxe3 Bc4 23. Bxc6 Bxe2 24. Qc1 Qd3 25. Re1 Rac8 26. Rb2 Qa6 1/2-1/2

[Event "FIDE WSTC Open 50 2025"]
[Site "Prague"]
[Date "2025.02.20"]
[Round "4.2"]
[White "Conquest, Stuart C"]
[Black "Godena, Michele"]
[Result "1/2-1/2"]
[Annotator "RC"]
[ECO "A06"]
[WhiteElo "2513"]
[BlackElo "2439"]
[PlyCount "48"]
[EventDate "2025.02.17"]
[EventType "team-tourn"]
[EventCountry "CZE"]
[SourceTitle "playchess.com"]
[Source "ChessBase"]
[SourceQuality "1"]
[TimeControl "40/5400+30:1800+30"]

1. Nf3 d5 2. b3 Bg4 3. Bb2 Nd7 4. e3 c6 5. h3 Bxf3 6. Qxf3 e6 7. Be2 Ngf6 8. g4 Bd6 9. Nc3 Be5 10. d4 Bd6 11. g5 Ne4 12. Nxe4 dxe4 13. Qxe4 Qa5+ 14. Kf1 Qxg5 15. Rg1 Qh6 16. Qg2 O-O 17. f4 Be7 18. Rd1 Bf6 19. Qf3 c5 20. Bc1 Rfd8 21. c3 g6 22. e4 cxd4 23. cxd4 Rac8 24. Be3 Rc3 1/2-1/2

[Event "FIDE WSTC Open 50 2025"]
[Site "Prague"]
[Date "2025.02.20"]
[Round "4.3"]
[White "Bellini, Fabio"]
[Black "Hebden, Mark L"]
[Result "1/2-1/2"]
[Annotator "RC"]
[ECO "C55"]
[WhiteElo "2408"]
[BlackElo "2363"]
[PlyCount "90"]
[EventDate "2025.02.17"]
[EventType "team-tourn"]
[EventCountry "CZE"]
[SourceTitle "playchess.com"]
[Source "ChessBase"]
[SourceQuality "1"]
[TimeControl "40/5400+30:1800+30"]

1. e4 e5 2. Nf3 Nc6 3. Bc4 Nf6 4. d3 Be7 5. O-O O-O 6. Nc3 d6 7. a4 Na5 8. Ba2 c5 9. Bg5 Nc6 10. Bxf6 Bxf6 11. Nd5 g6 12. c3 Bg7 13. b4 Kh8 14. b5 Ne7 15. d4 exd4 16. cxd4 Bg4 17. dxc5 dxc5 18. Rc1 Rc8 19. Re1 b6 20. Rc2 Nxd5 21. Bxd5 Qe7 22. Qd3 Rfd8 23. Ree2 Qf6 24. h3 Bxf3 25. Qxf3 Qxf3 26. gxf3 Rc7 27. Rc4 Bd4 28. a5 f5 29. axb6 axb6 30. Ra2 fxe4 31. fxe4 Rf8 32. Kg2 Re7 33. Rca4 Rf6 34. f3 h5 35. Ra7 Rxa7 36. Rxa7 g5 37. h4 gxh4 38. Kh3 c4 39. Bxc4 Rxf3+ 40. Kxh4 Rf4+ 41. Kg5 Rxe4 42. Kg6 Rg4+ 43. Kxh5 Rg3 44. Rd7 Be3 45. Rd8+ Kh7 1/2-1/2

[Event "FIDE WSTC Open 50 2025"]
[Site "Prague"]
[Date "2025.02.20"]
[Round "4.4"]
[White "Emms, John M"]
[Black "D'Amore, Carlo"]
[Result "0-1"]
[Annotator "RC"]
[ECO "C50"]
[WhiteElo "2409"]
[BlackElo "2362"]
[PlyCount "116"]
[EventDate "2025.02.17"]
[EventType "team-tourn"]
[EventCountry "CZE"]
[SourceTitle "playchess.com"]
[Source "ChessBase"]
[SourceQuality "1"]
[TimeControl "40/5400+30:1800+30"]

1. e4 e5 2. Nf3 Nc6 3. Bc4 Bc5 4. O-O Nf6 5. d3 d6 6. c3 a5 7. Re1 Ba7 8. Nbd2 Ne7 9. h3 Ng6 10. Nf1 O-O 11. Ng3 h6 12. Bb3 Nh7 13. d4 Qf6 14. Be3 Ng5 15. Nxg5 hxg5 16. Nf5 Nf4 17. Kh2 g6 18. Nh6+ Kg7 19. Ng4 Bxg4 20. Qxg4 a4 21. Bc4 exd4 22. cxd4 Bxd4 23. Bxd4 Qxd4 24. Qxg5 Nxh3 25. Qd5 Qxd5 26. exd5 Nf4 27. Kg3 Nh5+ 28. Kf3 Ra5 29. b4 axb3 30. axb3 Rfa8 31. Rxa5 Rxa5 32. Re7 Rc5 33. g4 Nf6 34. g5 Nh7 35. Kg4 b5 36. Bf1 Kf8 37. Re1 Rxd5 38. f4 b4 39. Rc1 c5 40. Ra1 Rd4 41. Ra7 d5 42. Rb7 Rd1 43. Be2 Rg1+ 44. Kh4 f6 45. Bf3 fxg5+ 46. fxg5 Nxg5 47. Bxd5 Rd1 48. Kxg5 Rxd5+ 49. Kxg6 Rd3 50. Rc7 Rxb3 51. Rxc5 Ke7 52. Kf5 Kd6 53. Rb5 Kc6 54. Re5 Rb1 55. Re2 Kd5 56. Rd2+ Kc4 57. Rc2+ Kd3 58. Rc8 Re1 0-1

[Event "FIDE WSTC Open 50 2025"]
[Site "Prague"]
[Date "2025.02.20"]
[Round "4.5"]
[White "Hjartarson, Johann"]
[Black "Kazhgaleyev, Murtas"]
[Result "0-1"]
[Annotator "RC"]
[ECO "B38"]
[WhiteElo "2464"]
[BlackElo "2495"]
[PlyCount "106"]
[EventDate "2025.02.17"]
[EventType "team-tourn"]
[EventCountry "CZE"]
[SourceTitle "playchess.com"]
[Source "ChessBase"]
[SourceQuality "1"]
[TimeControl "40/5400+30:1800+30"]

1. e4 c5 2. Nf3 Nc6 3. d4 cxd4 4. Nxd4 g6 5. c4 Bg7 6. Be3 Qb6 7. Nb3 Qd8 8. Nc3 Bxc3+ 9. bxc3 Nf6 10. f3 d6 11. Bh6 Be6 12. Rb1 Rc8 13. Nd4 Qa5 14. Nxe6 fxe6 15. Rxb7 Qxc3+ 16. Qd2 Qa1+ 17. Kf2 Kf7 18. Rg1 Rb8 19. Rb5 Qd4+ 20. Be3 Qxd2+ 21. Bxd2 a6 22. Rxb8 Rxb8 23. Bc3 Nb4 24. c5 Nxa2 25. Ba1 Nb4 26. cxd6 exd6 27. e5 Nc2 28. Bxa6 Ra8 29. exf6 Rxa6 30. Bc3 Ra3 31. Bd2 Kxf6 32. Rb1 Nd4 33. Rb7 Ra2 34. Ke3 h5 35. f4 e5 36. fxe5+ dxe5 37. Rb6+ Kf5 38. h3 h4 39. Rd6 Ne6 40. Rd7 Nf4 41. Kf3 e4+ 42. Kf2 Nxg2 43. Kxg2 e3 44. Kf3 exd2 45. Rd5+ Ke6 46. Rd8 Kf6 47. Rd6+ Ke5 48. Rd8 g5 49. Re8+ Kd4 50. Rd8+ Kc4 51. Ke2 g4 52. Rh8 g3 53. Rxh4+ Kc3 0-1

[Event "FIDE WSTC Open 50 2025"]
[Site "Prague"]
[Date "2025.02.20"]
[Round "4.6"]
[White "Kotsur, Pavel"]
[Black "Petursson, Margeir"]
[Result "1-0"]
[Annotator "RC"]
[ECO "E11"]
[WhiteElo "2478"]
[BlackElo "2403"]
[PlyCount "133"]
[EventDate "2025.02.17"]
[EventType "team-tourn"]
[EventCountry "CZE"]
[SourceTitle "playchess.com"]
[Source "ChessBase"]
[SourceQuality "1"]
[TimeControl "40/5400+30:1800+30"]

1. d4 Nf6 2. c4 e6 3. Nf3 Bb4+ 4. Bd2 c5 5. Bxb4 cxb4 6. e3 O-O 7. Bd3 d6 8. Nbd2 a5 9. O-O b6 10. Re1 Nc6 11. d5 Ne5 12. Nxe5 dxe5 13. e4 Nd7 14. a3 Nc5 15. Bc2 Bd7 16. Re3 Qe7 17. Qe2 Qd6 18. a4 Rae8 19. Nf3 f6 20. b3 Rd8 21. Ne1 Bc8 22. Rd1 Qc7 23. g3 Rfe8 24. Ng2 Re7 25. Nh4 Nb7 26. Red3 Rd6 27. R3d2 Nc5 28. Qe1 Re8 29. Qe2 Re7 30. Re1 Rd8 31. Rdd1 Ree8 32. Qe3 Nb7 33. Rd2 Qc5 34. Qe2 Qc7 35. Ng2 exd5 36. exd5 Nd6 37. Nh4 f5 38. f3 Qc5+ 39. Qf2 Qxf2+ 40. Kxf2 Kf7 41. g4 g6 42. Rde2 Kf6 43. h3 Bd7 44. Ng2 Nf7 45. Ne3 f4 46. Nf1 Nd6 47. h4 h6 48. Nd2 g5 49. Rh1 Rh8 50. Ke1 Rdg8 51. Reh2 gxh4 52. Rxh4 Nf7 53. Ne4+ Ke7 54. Kf2 Rd8 55. Rh5 Bc8 56. Nd2 Rhg8 57. Bf5 Bxf5 58. Rxf5 Rg5 59. Rxh6 Nxh6 60. Rxg5 Nf7 61. Rh5 Kf6 62. Ne4+ Kg6 63. Rf5 Rh8 64. Kg2 Rb8 65. Rf6+ Kg7 66. Re6 Rb7 67. Nd6 1-0